← All builds
Geo sea / Cortex / Economy first / OBSERVED BUILD

Standard geo sea

Cortex Geo sea build order · Supreme Isthmus

The usual Cove-side sea opening: bot lab for an early defensive bot, shipyard in the cove, then frigates, destroyers and submarines to contest the sea and defend the base.

Usually shipyard in the cove (98%)

#naval #defence · 1098 distinct matches · 104 players · 83% of Cortex Geo sea games · team won 52% of 1227 · Recently observed

HOW TO PLAY IT

Key timing: Shipyard by 3:16

  1. Grab 3 mex and open wind while laying down bot lab.
  2. Get bot lab up then push straight into shipyard.
  3. Finish shipyard, start pumping subs and frigates to contest sea.
  4. Add submarine, frigate and destroyer to hold sea lanes.
  5. Bring geo online and transition into mixed navy.

Phase by phase

TYPICAL OF ITS 1098 GAMES
  1. 1
  2. 2
  3. 3
  4. 4
PLAY THE OPENING

Follow the example game's first 6:00 step by step: what to build now, what comes next, and where it goes. At 1× it keeps pace with your own game.

  1. 1

    Up to the Bot Lab

    Economy
    • Metal Extractor3Mex
    • Wind Turbine3Wind
    Order
    1. Bot LabBot Lab after 3 mex, 3 winddone ~1:12, middle half 1:07–1:26

    Some games also: wind for allies (48%)

    By 0:55 in all: 3 mex · 3 wind

    The example game in this phase · 3 steps
    1. Mex ×3
    2. Wind ×4
    3. Bot LabBot Labdone 1:11 · typical 1:12
  2. 2

    Bot Lab to Shipyard

    Economy
    • Metal Extractor1Mex
    • Wind Turbine2Wind
    Order
    1. ShipyardShipyard after 4 mex, 5 wind, 1 energy storagedone ~3:17, middle half 3:02–3:33
    Builders
    • Construction Bot3 Con bot
    • Graverobber2 Graverobber
    Army
    • Grunt1 Grunt

    Some games also: con turret (45%) · trasher (40%) · energy storage (33%) · wind for allies (31%)

    By 2:51 in all: 4 mex · 5 wind · 1 energy storage

    The example game in this phase · 19 steps
    1. Wind
    2. GraverobberGraverobber
    3. Construction BotCon bot
    4. GraverobberGraverobber
    5. Construction BotCon bot
    6. TrasherTrasher
    7. Mex
    8. GruntGrunt
    9. Wind
    10. GraverobberGraverobber
    11. Wind
    12. Construction BotCon bot
    13. Con turret
    14. Energy storage
    15. Mex
    16. Bot LabEat Bot Labreclaimed for its metal
    17. JellyfishJellyfish
    18. Mex
    19. ShipyardShipyarddone 3:46 · typical 3:17
  3. 3

    Shipyard to 5:00

    Economy
    • Metal Extractor4Mex
    Order
    1. Bot LabEat Bot Lab
    Builders
    • Construction Ship1 Con ship
    Army
    • Riptide2 Frigate
    • Orca1 Submarine
    Other
    • Radar Tower1 Radar Tower

    Some games also: missile corvette (49%) · Guard (49%) · wind (48%) · destroyer (45%) · gunboat (39%)

    By 5:00 in all: 8 mex · 6 wind · 1 energy storage · 1 con turret

    The example game in this phase · 9 steps
    1. Radar TowerRadar Tower
    2. RiptideFrigate ×2not finished by 15:00 · typical 4:37
    3. Converter
    4. RiptideFrigate
    5. Converter
    6. OppressorDestroyerdone 4:50 · typical 5:52
    7. Converter
    8. HerringMissile corvette
    9. ThistleThistle
  4. 4

    5:00 to 10:00

    Economy
    • Metal Extractor2Mex
    • Wind Turbine8Wind
    • Energy Converter1Converter
    Builders
    • Construction Turret1 Con turret
    • Death Cavalry2 Death Cavalry
    • Construction Ship1 Con ship
    Army
    • Guard2 Guard
    • Riptide5 Frigate
    • Oppressor2 Destroyer
    Other
    • Naval Radar / Sonar Tower2 Naval Radar / Sonar Tower

    Some games also: geo (47%) · Thistle (40%) · submarine (34%)

    By 10:00 in all: 10 mex · 15 wind · 1 geo · 4 converter · 1 energy storage · 2 con turret

    The example game in this phase · 70 steps
    1. GuardGuard
    2. Construction ShipCon ship
    3. GuardGuard
    4. RiptideFrigate
    5. Mex
    6. GuardGuard
    7. Mex
    8. Death CavalryDeath Cavalry
    9. GuardGuard
    10. Naval Radar / Sonar TowerNaval Radar / Sonar Tower
    11. OrcaSubmarinedone 7:02 · typical 4:17
    12. RiptideFrigate
    13. Advanced Metal ExtractorT2 mexdone 8:25 · typical 9:22
    14. Death CavalryDeath Cavalry
    15. Mex
    16. Geothermal PowerplantGeodone 8:50 · typical 8:00
    17. RiptideFrigate
    18. OppressorDestroyer
    19. Advanced Metal ExtractorT2 mex
    20. Construction ShipCon ship
    21. HerringMissile corvette
    22. RiptideFrigate
    23. OrcaSubmarine
    24. RiptideFrigate
    25. Advanced Metal ExtractorT2 mex
    26. Death CavalryDeath Cavalry
    27. Mex
    28. RiptideFrigate
    29. Mex
    30. Radar TowerRadar Tower
    31. OppressorDestroyer
    32. Naval Radar / Sonar TowerNaval Radar / Sonar Tower
    33. Advanced Metal ExtractorT2 mex
    34. UrchinUrchin
    35. HerringMissile corvette
    36. RiptideFrigate
    37. HerringMissile corvette
    38. Naval Radar / Sonar TowerNaval Radar / Sonar Tower
    39. OrcaSubmarine
    40. Advanced Metal ExtractorT2 mex
    41. RiptideFrigate
    42. Construction ShipCon ship
    43. SlingshotSlingshot
    44. HerringMissile corvette
    45. Death CavalryDeath Cavalry
    46. Advanced Metal ExtractorT2 mex
    47. RiptideFrigate
    48. Naval Construction Turret
    49. OppressorDestroyer
    50. Tidal
    51. Naval Construction Turret
    52. Tidal
    53. Naval Construction Turret
    54. HerringMissile corvette
    55. Tidal
    56. Naval Construction Turret
    57. RiptideFrigate
    58. Naval Construction Turret
    59. OrcaSubmarine
    60. Tidal
    61. Naval Construction Turret
    62. Advanced ShipyardAdvanced Shipyarddone 14:41
    63. RiptideFrigate
    64. Tidal
    65. Advanced Geothermal PowerplantAdvanced Geothermal Powerplantnot finished by 15:00
    66. Tidal
    67. Death CavalryDeath Cavalry
    68. Tidal
    69. RiptideFrigate
    70. OppressorDestroyer

Counts are medians over the build's games: half of them build more, half fewer. The example game is Tregan's (39 OS, 08/10/2026); pick another.

Team trades

IN AT LEAST 30% OF ITS GAMES

You hand over

  • Wind Turbine2 Wind to Airfirst at 1:48 · in 70% of games

You get

  • Finch1 Finch from Airfirst at 1:51 · in 83% of games
  • Hercules1 Light transport from Airfirst at 2:00 · in 74% of games
  • Advanced Construction Bot1 T2 con bot from Techfirst at 7:44 · in 89% of games

How it plays out

Typical game of this build, running totals by minute

Metal produced

010k20k30k
0:005:0010:0015:00

metal

Enemy metal destroyed

05k10k
0:005:0010:0015:00

metal

Own metal lost

02.5k5k7.5k
0:005:0010:0015:00

metal

1227 games.

Show as table
ByMetal produced: This buildEnemy metal destroyed: This buildOwn metal lost: This build
1:0039700
2:0092800
3:00156600
4:002894051
5:00410315052
6:005454461231
7:006936931545
8:0086071578891
9:001047124951344
10:001263036252031
11:001519548242838
12:001810762243720
13:002139973574441
14:002501686445353
15:002886197626354
WHAT THE NUMBERS SAY

Matches the role's own norm almost exactly, sitting at the typical 52% team win rate for Geo sea.

  • + Reliable timing: bot lab by 1:12 and shipyard by 3:16 in the middle half of games.
  • − Own metal lost climbs to 6854 by 15:00, showing sea fights stay costly.
THE EXAMPLE YOU ARE READING

Tregan

39.1 OS · 08/10/2026

Open source match ↗

5 received units · includes a constructor
1424 metal received · 69663 energy received

Allied construction assistance is unknown. Timings are observations, not a promise of solo reproducibility.

Typical milestones

Bot Lab1:12Middle 50%: 1:07–1:26 · n=1207
Shipyard3:17Middle 50%: 3:02–3:33 · n=1219
Orca4:17Middle 50%: 3:51–4:59 · n=845
Riptide4:37Middle 50%: 4:08–5:21 · n=1192
Oppressor5:52Middle 50%: 5:08–6:36 · n=1114
Geothermal Powerplant8:00Middle 50%: 7:01–9:03 · n=729
Advanced Metal Extractor9:22Middle 50%: 8:45–10:10 · n=1060

Played most by

sirniho125games of this buildSHOGVN100games of this buildOptimusprimenutt86games of this buildPRO_Rerory52games of this buildTheSituation43games of this build